 Dungeon Crawl Stone Soup version 0.27-a0-463-gec7707c53d (webtiles) character file.

Game seed: 2323982180102207710

1097776 spiderkeys the Intangible (level 27, -11/281 HPs)
             Began as a Minotaur Berserker on Feb 28, 2021.
             Was the Champion of the Shining One.
             Killed from afar by a Hell Sentinel (38 damage)
             ... with an iron shot
             ... in Pandemonium on Mar 1, 2021.
             The game lasted 04:04:51 (106298 turns).

spiderkeys the Intangible (Minotaur Berserker)    Turns: 106298, Time: 04:04:52

Health: -11/281    AC: 46    Str: 32      XL:     27
Magic:  34/34      EV: 29    Int: 12 (13) God:    the Shining One [******]
Gold:   4523       SH:  5    Dex: 22      Spells: 22/26 levels left

rFire    + + .     SeeInvis +   N - +9 executioner's axe (holy)
rCold    + . .     Faith    .   (shield currently unavailable)
rNeg     + + +     Spirit   .   u - +12 gold dragon scales
rPois    +         Reflect  +   (helmet unavailable)
rElec    +         Harm     .   X - +2 cloak {Will+}
rCorr    .         Rampage  +   E - +0 pair of fencer's gloves {Riposte Dex+3}
Will     ++...     Clarity  +   F - +2 pair of boots {rampage}
Stlth    ..........             p - amulet of Parexkuu {Reflect +Blink Str+3 Dex+3 Slay+6 SH+5}
HPRegen  0.56/turn              H - ring "Wysig" {+Fly Int+6 Slay+3 SInv Stlth-}
MPRegen  0.24/turn              P - ring "Zurirph" {rElec rF+ rN+ Will+ Dex+3}

@: about to teleport, weak-willed, contaminated, glowing, studying Axes
A: retaliatory headbutt, claws 1, horns 3, molten scales 1, rugged brown scales
1, clarity, deformed body, low mp 1
}: 10/15 runes: decaying, serpentine, slimy, silver, abyssal, demonic, glowing,
magical, fiery, dark
a: Renounce Religion, Evoke Blink, Evoke Flight, Divine Shield, Cleansing Flame,
Summon Divine Warrior


You were in Pandemonium.
You worshipped the Shining One.
The Shining One was exalted by your worship.
You visited 12 branches of the dungeon, and saw 58 of its levels.
You visited Pandemonium 1 time, and saw 20 of its levels.
You visited the Abyss 1 time.
You visited 1 bazaar.
You also visited: Trove and Ice Cave.

You collected 11639 gold pieces.
You spent 7116 gold pieces at shops.

Inventory:

Hand Weapons
 r - a +9 antimagic broad axe
 N - a +9 executioner's axe of holy wrath (weapon)
 O - a +9 broad axe of freezing
 Y - the +9 executioner's axe of Obsession {vorpal, rPois}
   (Trog gifted it to you on level 6 of the Lair of Beasts)

   It inflicts extra damage upon your enemies.
   It protects you from poison.
Missiles
 T - 18 silver javelins
Armour
 e - a +2 kite shield of resistance
 q - a +1 tower shield of protection
 u - +12 gold dragon scales (worn)
 x - a +2 pair of boots of flying
 E - the +0 pair of fencer's gloves (worn) {Riposte Dex+3}
   (You found it on level 5 of the Vaults)

   It affects your dexterity (+3).
 F - a +2 pair of boots of rampaging (worn)
 K - a +2 hat of see invisible
 X - a +2 cloak of willpower (worn)
Jewellery
 p - the amulet of Parexkuu (around neck) {Reflect +Blink Str+3 Dex+3 Slay+6 SH+5}
   (You bought it in a shop on level 4 of the Depths)

   [amulet of reflection]

   It shields you and reflects attacks.
   It affects your strength (+3).
   It affects your dexterity (+3).
   It affects your accuracy and damage with ranged weapons and melee attacks
   (+6).
   It lets you blink.
   It affects your SH (+5).
 H - the ring "Wysig" (left hand) {+Fly Int+6 Slay+3 SInv Stlth-}
   (You found it in a treasure trove)

   [ring of see invisible]

   It affects your intelligence (+6).
   It affects your accuracy and damage with ranged weapons and melee attacks
   (+3).
   It lets you see invisible.
   It lets you fly.
   It makes you less stealthy.
 M - the ring of the Twenty Songs {rF+ rC+ Int+3 Stlth+}
   (You found it in Pandemonium)

   [ring of protection from cold]

   It affects your intelligence (+3).
   It protects you from fire.
   It protects you from cold.
   It makes you more stealthy.
 P - the ring "Zurirph" (right hand) {rElec rF+ rN+ Will+ Dex+3}
   (You found it in a treasure trove)

   [ring of positive energy]

   It affects your dexterity (+3).
   It protects you from fire.
   It insulates you from electricity.
   It protects you from negative energy.
   It affects your willpower, your defense against some magical effects.
 Q - a ring of resist corrosion
Wands
 f - a wand of paralysis (68)
 h - a wand of acid (88)
 t - a wand of polymorph (20)
 w - a wand of digging (17)
 z - a wand of iceblast (79)
 I - a wand of charming (8)
 U - a wand of mindburst (41)
Scrolls
 a - 5 scrolls of brand weapon
 g - 10 scrolls of fear
 i - a scroll of summoning
 k - 14 scrolls of fog
 l - 2 scrolls of blinking
 m - 54 scrolls of identify
 o - 7 scrolls of amnesia
 s - 2 scrolls of enchant armour
 v - 6 scrolls of holy word
 y - 41 scrolls of teleportation
 C - 13 scrolls of magic mapping
 V - 2 scrolls of silence
 W - 3 scrolls of enchant weapon
Potions
 b - a potion of mutation
 c - 40 potions of curing
 d - 12 potions of lignification
 j - 4 potions of flight
 n - 13 potions of cancellation
 A - 5 potions of resistance
 D - 2 potions of ambrosia
 G - 7 potions of heal wounds
 J - a potion of berserk rage
 L - 12 potions of haste
 R - 11 potions of magic
 S - 4 potions of brilliance
 Z - 5 potions of might


   Skills:
 O Level 27 Fighting
 O Level 27 Axes
 - Level 10.5 Throwing
 O Level 27 Armour
 O Level 27 Dodging
 - Level 20.2 Shields
 * Level 25.8 Invocations
 - Level 20.0 Evocations


You had 22 spell levels left.
You knew the following spells:

 Your Spells              Type           Power        Failure   Level
a - Portal Projectile     Hex/Tloc       0%           99%         3
b - Apportation           Tloc           0%           83%         1

Your spell library contained the following spells:

 Spells                   Type           Power        Failure   Level
 Animate Skeleton         Necr           0%           83%         1
 Magic Dart               Conj           0%           83%         1
 Pain                     Necr           0%           83%         1
 Sandblast                Erth           0%           83%         1
 Ensorcelled Hibernation  Hex/Ice        0%           93%         2
 Passwall                 Tmut/Erth      0%           93%         2
 Searing Ray              Conj           0%           93%         2
 Sublimation of Blood     Necr           0%           93%         2
 Confusing Touch          Hex            0%           99%         3
 Dazzling Flash           Conj/Hex       0%           99%         3
 Frozen Ramparts          Ice            0%           99%         3
 Gell's Gravitas          Tloc           0%           99%         3
 Ignite Poison            Fire/Tmut/Pois 0%           99%         3
 Spider Form              Tmut/Pois      0%           99%         3
 Stone Arrow              Conj/Erth      0%           99%         3
 Vampiric Draining        Necr           0%           99%         3
 Animate Dead             Necr           0%           100%        4
 Cause Fear               Hex            0%           100%        4
 Dispel Undead            Necr           0%           100%        4
 Fulminant Prism          Conj/Hex       0%           100%        4
 Iskenderun's Mystic Bla  Conj/Tloc      0%           100%        4
 Manifold Assault         Tloc           0%           100%        4
 Passage of Golubria      Tloc           N/A          100%        4
 Petrify                  Tmut/Erth      0%           100%        4
 Sticky Flame             Conj/Fire      0%           100%        4
 Summon Ice Beast         Ice/Summ       0%           100%        4
 Agony                    Necr           0%           100%        5
 Alistair's Intoxication  Tmut/Pois      0%           100%        5
 Bolt of Magma            Conj/Fire/Erth 0%           100%        5
 Borgnjor's Vile Clutch   Necr/Erth      0%           100%        5
 Excruciating Wounds      Necr           0%           100%        5
 Fireball                 Conj/Fire      0%           100%        5
 Irradiate                Conj/Tmut      0%           100%        5
 Iskenderun's Battlesphe  Conj           0%           100%        5
 Lee's Rapid Deconstruct  Erth           0%           100%        5
 Metabolic Englaciation   Hex/Ice        0%           100%        5
 Silence                  Hex/Air        0%           100%        5
 Yara's Violent Unravell  Hex/Tmut       0%           100%        5
 Death Channel            Necr           0%           100%        6
 Dispersal                Tloc           0%           100%        6
 Eringya's Noxious Bog    Tmut/Pois      0%           100%        6
 Hydra Form               Tmut           0%           100%        6
 Iron Shot                Conj/Erth      0%           100%        6
 Dragon Form              Tmut           0%           100%        7
 Orb of Destruction       Conj           0%           100%        7
 Spellforged Servitor     Conj/Summ      0%           100%        7
 Borgnjor's Revivificati  Necr           0%           100%        8
 Discord                  Hex            0%           100%        8
 Disjunction              Tloc           0%           100%        8
 Infestation              Necr           0%           100%        8
 Necromutation            Tmut/Necr      0%           100%        8
 Death's Door             Necr           0%           100%        9


Dungeon Overview and Level Annotations

Branches:
Dungeon (15/15)            Temple (1/1) D:6            Lair (6/6) D:10
  Swamp (4/4) Lair:2        Snake (4/4) Lair:2        Slime (5/5) Lair:5
    Orc (2/2) D:10            Elf (3/3) Orc:2        Vaults (5/5) D:13
  Crypt (3/3) Vaults:2       Tomb (0/3) Crypt:3      Depths (5/5) D:15
    Zot (5/5) Depths:5      IceCv (visited)

Altars:
Ashenzari
Dithmenos
Fedhas
Gozag
Hepliaklqana
Kikubaaqudgha
Makhleb
Nemelex Xobeh
Qazlal
Ru
Trog
Wu Jian
Xom
The Shining One
Jiyva
Lugonu

Shops:
D:4 ?[(   D:5 ?   D:9 [   D:10 ?   Orc:2 =[[:   Elf:1 [   Elf:2 :   Snake:2 *
Snake:4 *:[*   Vaults:1 ?   Vaults:4 *   Vaults:5 !!![?=!!   Depths:2 =:=*[!
Depths:4 *=

Portals:
Hell: Depths:1 Depths:2 Depths:3 Depths:4 Depths:5
Abyss: Depths:4 Depths:5
Pandemonium: Depths:1 Depths:3
Ziggurat: Depths:4

Annotations:
Lair:5 exclusion: 2 oklob plants
Pan 1 transporter


Innate Abilities, Weirdness & Mutations

You reflexively headbutt those who attack you in melee.
You have a pair of large horns on your head.
You have sharp fingernails.
You are partially covered in molten scales. (AC +2)
You are partially covered in rugged brown scales. (AC +1, +3% HP)
You possess an exceptional clarity of mind.
Armour fits poorly on your strangely shaped body.
Your magical capacity is low. (-10% MP)


Message History

You hear a loud "Zot"!
The power of Zot is invoked against you!
You feel weak-willed.
The Tzitzimitl calls on the powers of darkness!
Your body is wracked with pain!
The Ice Fiend misses you. The Ice Fiend completely misses you.
The green death gestures at you.
The bolt of poison hits the Ice Fiend.
The Ice Fiend is poisoned.
The bolt of poison misses you.
You hear a loud "Zot"!
The orange demon screeches!
You hit the Hell Sentinel but do no damage.
You hit the Ice Fiend.
The Ice Fiend convulses.
The Tzitzimitl calls on the powers of darkness!
Your body is wracked with pain!
* * * LOW HITPOINT WARNING * * *
The Ice Fiend barely misses you. You furiously retaliate!
You headbutt the Ice Fiend!
You riposte.
You slice the Ice Fiend!!
The Ice Fiend convulses.
You headbutt the Ice Fiend.
The Ice Fiend is heavily wounded.
You cut the Hell Sentinel into ribbons!!!
The Hell Sentinel convulses.
You block the Ice Fiend's attack.
You hear a loud "Zot"!
As you read the scroll of teleportation, it crumbles to dust.
You feel strangely unstable. You block the Hell Sentinel's attack.
The Hell Sentinel completely misses you.
The Tzitzimitl calls on the powers of darkness!
Your body is wracked with pain!
* * * LOW HITPOINT WARNING * * *
The Ice Fiend calls on the powers of darkness!
Your body is wracked with pain!
* * * LOW HITPOINT WARNING * * *
Unknown command.
The Ice Fiend calls on the powers of darkness!
Your body is wracked with pain!
* * * LOW HITPOINT WARNING * * *
You hear a loud "Zot"!
The Hell Sentinel gestures at you. The iron shot hits you!!!
You die... #.....# #^##^ #.....# #.... '.....# ####..#.## #### #.....# #### #.^..^#^^. #"^? #.....# #..###.^.#^^^#12^ #.$^ #.....#####..###^..#^#.^... +|^? ............©###©.^.^^^#..^ #^$© .............###^.1#1#^2..^ +|^?

.)......[....###@.1#...# #.?.
...).......### #..2.1# #=^=
...........#.# ####..# ###
#'###......#.# ##.... #.
#......#.### #^## #.
#......#...### ## #.
#......#...#.##
##+##......#...#..## ###########
.....).#'###...###.####.......#..


You could see 2 Hell Sentinels, a Tzitzimitl and a green death.

Vanquished Creatures
  Cerebov (Pan)
  the Royal Jelly (Slime:5)
  Gloorx Vloq (Pan)
  Mnoleg (Pan)
  7 ancient liches
  5 dread liches
  4 orbs of fire
  Mara (Crypt:2)
  Mennas (Pan)
  A juggernaut (Depths:4)
  Sojobo (Depths:4)
  Frederick (Depths:5)
  Saint Roka (Depths:4)
  5 Killer Klowns
  Xtahua (Vaults:4)
  9 golden dragons
  Nikola (Elf:2)
  13 pandemonium lords (Pan)
  the Enchantress (Depths:4)
  A bone dragon (Abyss:1)
  14 Tzitzimimeh
  5 electric golems
  13 Brimstone Fiends (Pan)
  13 Hell Sentinels
  20 tentacled monstrosities
  25 Orb Guardians
  A shard shrike skeleton (Crypt:1)
  17 Ice Fiends (Pan)
  3 deep elf blademasters
  A deep elf master archer (Elf:3)
  11 liches
  8 quicksilver dragons
  9 titans
  Asterion (Elf:1)
  27 acid blobs
  4 sphinxes
  6 death cobs
  2 tentacled starspawn (Abyss:1)
  An eldritch tentacle (Pan)
  4 ancient champions
  24 Executioners (Pan)
  Kirke (D:12)
  9 shadow dragons
  Gastronok (D:10)
  13 storm dragons
  5 tengu reavers
  4 draconian monks
  6 fenstrider witches (Swamp:4)
  2 revenants
  4 thorn hunters (Swamp:4)
  Donald (Swamp:2)
  8 nagarajas (Snake:4)
  13 azure jellies
  10 vault wardens
  9 fire giants
  3 deep elf sorcerers
  6 draconian knights
  An angel (Pan)
  12 frost giants
  35 balrugs
  2 iron dragons (Vaults:5)
  8 draconian scorchers
  29 cacodemons
  Louise (Swamp:1)
  A juggernaut zombie (Crypt:2)
  5 draconian stormcallers
  6 ghost moths
  7 draconian shifters
  3 orc warlords
  5 curse skulls
  13 warmongers (Pan)
  4 deep elf elementalists
  3 spriggan defenders (Depths:4)
  24 reapers
  5 war gargoyles
  9 blood saints (Pan)
  5 draconian annihilators
  9 ironheart preservers
  12 ghouls
  16 green draconians
  44 very ugly things
  40 stone giants
  10 vampire knights
  7 deep elf demonologists
  14 corrupters (Pan)
  13 black suns (Pan)
  12 red draconians
  4 spark wasps
  6 deep elf annihilators (Elf:3)
  26 lorocyprocas (Pan)
  16 black draconians
  11 yellow draconians
  Azrael (Elf:2)
  A bunyip (Swamp:3)
  15 purple draconians
  7 white draconians
  2 entropy weavers
  6 eidola
  3 eleionomae
  18 deep elf death magi
  10 death oozes
  25 blizzard demons (Pan)
  20 ettins
  2 shambling mangroves
  3 deep elf high priests
  A quicksilver dragon zombie (Crypt:2)
  31 green deaths
  15 fire dragons
  3 jiangshi (Crypt:3)
  12 yaktaur captains
  13 great orbs of eyes
  30 vault guards
  9 monstrous demonspawn (Pan)
  A fenstrider witch zombie (Crypt:2)
  14 rakshasas
  12 hydras
  8 boulder beetles
  Harold (D:8)
  11 centaur warriors
  3 hell beasts (Pan)
  6 spriggan air magi
  9 naga warriors
  11 ice dragons
  A catoblepas (Lair:5)
  2 ghost crabs
  10 ogre magi
  26 dancing weapons
  A satyr (shapeshifter) (Vaults:5)
  12 anacondas
  12 death yaks
  4 death knights
  3 tengu warriors
  7 alligators
  47 two-headed ogres
  15 deep troll shamans
  2 thrashing horrors (Abyss:1)
  4 spriggan berserkers
  14 naga sharpshooters
  8 deep troll earth magi
  7 vampire magi
  An orc high priest (Depths:2)
  7 shock serpents
  4 hell knights
  71 sun demons
  52 soul eaters
  20 deep elf knights
  16 spriggans
  Urug (D:13)
  Nergalle (D:10)
  3 salamander mystics
  6 wretched stars
  35 sixfirhies
  A spatial maelstrom (Abyss:1)
  22 skeletal warriors
  7 shadow wraiths
  7 glowing orange brains
  A sea snake (shapeshifter) (D:15)
  6 flayed ghosts
  7 unseen horrors
  An unseen horror (shapeshifter) (Depths:4)
  5 goliath frogs
  19 torturous demonspawn (Pan)
  6 spriggan druids
  11 infernal demonspawn (Pan)
  3 sea snakes (Snake:2)
  42 deep trolls
  5 bog bodies
  16 iron trolls
  5 swamp dragons
  10 shadow demons (Pan)
  2 orange crystal statues
  A shadow dragon zombie (Depths:3)
  12 gelid demonspawn (Pan)
  13 wizards
  6 orc knights
  4 death drakes
  10 naga ritualists
  15 deep elf archers
  7 phantasmal warriors
  27 deep elf pyromancers
  2 anaconda skeletons (Crypt:2)
  11 mana vipers
  22 deep elf zephyrmancers
  8 necromancers
  A shadow dragon skeleton (Pan)
  4 harpies
  A golden dragon skeleton (Crypt:2)
  8 ironbrand convokers
  A wolf spider (Vaults:4)
  57 ugly things
  An oklob plant (Lair:1)
  8 orc sorcerers
  A shining eye (shapeshifter) (Depths:5)
  3 will-o-the-wisps
  39 cyclopes
  2 worldbinders (Abyss:1)
  3 shining eyes
  2 manticores
  7 salamanders
  2 stone giant skeletons
  2 fire giant skeletons (Vaults:1)
  25 naga magi
  2 frost giant skeletons
  Maurice (D:13)
  4 elephants
  A guardian serpent (shapeshifter) (Abyss:1)
  23 moths of wrath
  44 black mambas
  An ice statue (IceCv)
  9 vault sentinels
  6 eyes of devastation
  7 rust devils
  A torpor snail (shapeshifter) (Vaults:5)
  82 smoke demons
  41 orange demons
  5 rime drakes
  5 gargoyles
  20 cane toads
  39 demonic crawlers (Pan)
  8 efreet (Pan)
  A yaktaur (shapeshifter) (Abyss:3)
  13 hellions (Pan)
  A spriggan skeleton (Depths:1)
  3 tengu conjurers
  9 ice devils
  9 freezing wraiths
  7 komodo dragons
  24 yaktaurs
  A catoblepas skeleton (Crypt:3)
  A queen bee (Abyss:3)
  A harpy zombie (D:14)
  An ancient zyme (Abyss:1)
  11 tormentors
  41 red devils
  49 hellwings
  A queen bee (shapeshifter) (Vaults:1)
  12 tyrant leeches
  5 meliai (Abyss:3)
  A polar bear (shapeshifter) (Elf:1)
  11 trolls
  29 polar bears
  15 hornets
  95 slime creatures
  A stone giant simulacrum (Depths:1)
  A hydra skeleton (Pan)
  24 blink frogs
  A hornet (shapeshifter) (Vaults:1)
  4 dream sheep (Lair:6)
  8 raiju
  9 flying skulls
  7 air elementals
  A deep troll skeleton (Depths:1)
  66 large abominations
  A fire dragon skeleton (Pan)
  9 wraiths
  7 starcursed masses
  4 redbacks
  A shadow (Abyss:3)
  A tarantella (Vaults:1)
  6 water elementals
  5 fire elementals
  4 hogs
  4 vampires (Depths:2)
  2 wyverns
  A human (shapeshifter) (Abyss:3)
  74 yaks
  6 basilisks
  55 ynoxinuls
  Grum (D:8)
  22 golden eyes
  20 humans
  45 chaos spawn
  25 neqoxecs
  Menkaure (D:7)
  6 vampire mosquitoes
  A soldier ant (D:13)
  11 wargs
  2 spatial vortices (Abyss:1)
  16 water moccasins
  A monstrous demonspawn zombie (Crypt:1)
  46 nagas
  11 swamp worms
  A faun zombie (Crypt:3)
  A cane toad zombie (Crypt:2)
  A two-headed ogre zombie (Crypt:1)
  7 acid dragons
  An acid dragon (shapeshifter) (Vaults:3)
  A torturous demonspawn zombie (Crypt:2)
  A swamp drake (Swamp:2)
  Duvessa (D:6)
  12 hell hounds
  37 orc warriors
  An alligator simulacrum (Crypt:2)
  3 floating eyes
  6 ice beasts
  7 black bears
  4 sky beasts
  A necrophage (D:14)
  An ice beast (shapeshifter) (Vaults:4)
  17 eyes of draining
  A fire dragon simulacrum (Crypt:2)
  A black bear (shapeshifter) (D:14)
  5 snapping turtle skeletons
  47 wolves
  A torpor snail zombie (Crypt:2)
  24 centaurs
  5 boggarts
  35 ogres
  An orc skeleton (Vaults:1)
  7 phantoms
  A swamp dragon skeleton (Abyss:1)
  2 kobold brigands
  A salamander zombie (Crypt:3)
  19 bullfrogs
  4 earth elementals
  2 salamander skeletons
  A human simulacrum (Vaults:1)
  3 scorpions
  Dowan (D:6)
  A water moccasin skeleton (D:7)
  7 killer bees
  7 small abominations
  A polar bear skeleton (Crypt:2)
  A yak skeleton (Crypt:3)
  4 howler monkeys
  2 spectral wolves (Depths:2)
  3 wights (D:9)
  2 troll skeletons
  An electric eel (Lair:5)
  2 centaur zombies
  3 quasits
  3 bullfrog zombies
  An iron imp (Abyss:2)
  7 hounds
  A bullfrog skeleton (D:13)
  10 orc priests
  5 jellies
  7 centaur skeletons
  Ijyb (D:2)
  A human skeleton (Crypt:3)
  11 iguanas
  20 orc wizards
  3 polar bear simulacra (Lair:4)
  13 worker ants
  4 wolf simulacra (Lair:4)
  A yak simulacrum (Lair:4)
  A demigod zombie (Crypt:2)
  An ogre skeleton (Pan)
  A hound zombie (D:5)
  5 hound skeletons
  14 gnolls
  11 adders
  A shadow imp (D:6)
  5 white imps
  2 oozes
  7 ufetubi
  A lava snake zombie (Crypt:2)
  3 adder skeletons
  A lava snake skeleton (Crypt:1)
  3 worms (D:3)
  4 dart slugs
  4 leopard geckos
  78 orcs
  8 ball pythons
  6 giant cockroaches
  13 goblins
  12 hobgoblins
  9 jackals
  6 quokkas
  A ball python zombie (Crypt:1)
  9 bats
  5 frilled lizards
  A goblin zombie (Crypt:2)
  A hobgoblin skeleton (Crypt:1)
  A jackal skeleton (D:4)
  19 kobolds
  A kobold skeleton (Crypt:3)
  3 quokka skeletons
  2 quokka zombies (D:5)
  9 rats
  3 river rat simulacra (Lair:4)
  6 briar patches (Swamp:4)
  2 bushes (Lair:1)
  8 fire vortices (Pan)
3758 creatures vanquished.

Vanquished Creatures (collateral kills)
  Lom Lobon (Pan)
  A deep elf master archer (Elf:3)
  A deep elf sorcerer (Elf:3)
  A deep elf elementalist (Elf:3)
  2 very ugly things (Pan)
  2 deep elf annihilators (Elf:3)
  A deep elf death mage (Elf:3)
  A death knight (Vaults:2)
  A dancing weapon (Elf:3)
  A sun demon (Pan)
  A wizard (Pan)
  An ironbrand convoker (Vaults:2)
  A demonic crawler (Pan)
  An efreet (Pan)
  A troll (shapeshifter) (D:14)
  A red devil (Pan)
  A freezing wraith (Vaults:2)
  A neqoxec (Pan)
  A fire vortex (Pan)
21 creatures vanquished.

Vanquished Creatures (others)
  A draconian knight (Zot:2)
  2 very ugly things (Pan)
  A blood saint (Pan)
  3 deep elf annihilators (Pan)
  3 green deaths (Pan)
  A blizzard demon (Pan)
  A deep elf death mage (Elf:3)
  A shambling mangrove (Swamp:4)
  An infernal demonspawn (Pan)
  3 deep elf zephyrmancers
  A black mamba (Snake:3)
  A bloated husk (Swamp:2)
  A spriggan (Swamp:4)
  A fire elemental (Elf:3)
  A human (D:13)
  2 orc warriors (Orc:2)
  A boggart (Depths:2)
  An orc priest (Orc:2)
  2 orc wizards
  4 orcs (Orc:2)
  4 ball lightnings (Pan)
  A block of ice (Pan)
  2 bushes (Depths:1)
  2 fire vortices (Pan)
  8 foxfires
  18 fungi
  A lurking horror (Abyss:1)
  113 plants
  2 starspawn tentacles (Abyss:1)
  35 withered plants (Crypt:2)
218 creatures vanquished.

Grand Total: 3997 creatures vanquished

Notes
Turn   | Place    | Note
-------+----------+-------------------------------------------
     0 | D:1      | spiderkeys the Minotaur Berserker began the quest for the
                  | Orb.
     0 | D:1      | Reached XP level 1. HP: 19/19 MP: 0/0
   165 | D:1      | Reached XP level 2. HP: 24/27 MP: 1/1
   597 | D:1      | Reached XP level 3. HP: 29/33 MP: 2/2
  1003 | D:2      | Reached ** piety under Trog
  1130 | D:2      | Noticed Ijyb
  1143 | D:2      | Killed Ijyb
  1144 | D:2      | Reached XP level 4. HP: 29/40 MP: 3/3
  1318 | D:2      | Reached skill level 5 in Axes
  1507 | D:2      | Reached XP level 5. HP: 44/47 MP: 4/4
  2292 | D:3      | Reached *** piety under Trog
  3176 | D:4      | Noticed an ogre
  3182 | D:4      | Killed an ogre
  3183 | D:4      | Reached skill level 5 in Fighting
  3183 | D:4      | Reached XP level 6. HP: 32/56 MP: 5/5
  3403 | D:4      | Found Satoss's Magic Scroll Boutique.
  3424 | D:4      | Bought a scroll of magic mapping for 38 gold pieces
  3503 | D:4      | Found Husitt's Armour Boutique.
  3503 | D:4      | Found Ishre's Antique Weapon Shoppe.
  3520 | D:4      | Reached **** piety under Trog
  3521 | D:4      | Reached skill level 1 in Shields
  3630 | D:4      | Reached XP level 7. HP: 56/61 MP: 6/6
  3675 | D:4      | Bought a +1 hat for 132 gold pieces
  4028 | D:5      | Entered Level 5 of the Dungeon
  4382 | D:5      | Found Kilif's Magic Scroll Boutique.
  4439 | D:5      | Reached skill level 5 in Armour
  4998 | D:5      | Bought a scroll of teleportation for 42 gold pieces
  4998 | D:5      | Bought a scroll of enchant armour for 105 gold pieces
  5049 | D:6      | Found a staircase to the Ecumenical Temple.
  5151 | D:6      | Reached XP level 8. HP: 65/70 MP: 7/7
  5220 | D:6      | Reached skill level 5 in Dodging
  6049 | D:6      | Found an opulent altar of Gozag.
  6051 | D:6      | Noticed Dowan
  6051 | D:6      | Noticed Duvessa
  6052 | D:6      | Noticed Menkaure
  6525 | D:7      | Killed Menkaure
  6698 | D:6      | Killed Dowan
  6701 | D:6      | Killed Duvessa
  6702 | D:6      | Reached XP level 9. HP: 79/79 MP: 8/8
  7530 | D:8      | Noticed Grum
  7569 | D:8      | Killed Grum
  7570 | D:8      | Reached skill level 5 in Shields
  7779 | D:8      | Reached skill level 10 in Axes
  8049 | D:8      | Noticed Harold
  8061 | D:8      | Killed Harold
  8061 | D:8      | Reached ***** piety under Trog
  8356 | D:8      | Found a bloodstained altar of Trog.
  8833 | D:8      | Reached XP level 10. HP: 88/88 MP: 9/9
  8906 | D:8      | Found a sacrificial altar of Ru.
  9348 | D:9      | Found a shadowy altar of Dithmenos.
  9353 | D:9      | Found a blossoming altar of Fedhas.
  9487 | D:9      | Found a sparkling altar of Nemelex Xobeh.
  9601 | D:9      | Found Votic's Antique Armour Boutique.
  9729 | D:9      | You fall into a shaft and drop 3 floors!
  9729 | D:12     | Noticed a deep elf pyromancer
  9744 | D:12     | Killed a deep elf pyromancer
 10269 | D:11     | Noticed a manticore
 10270 | D:11     | Noticed a cyclops
 10276 | D:11     | Killed a manticore
 10286 | D:11     | Killed a cyclops
 10412 | D:11     | Noticed a gargoyle
 10420 | D:11     | Killed a gargoyle
 10562 | D:11     | Found a frozen archway.
 10607 | IceCv    | Entered an ice cave
 10822 | IceCv    | Reached XP level 11. HP: 90/97 MP: 10/10
 11607 | IceCv    | Received a gift from Trog
 11914 | IceCv    | Reached skill level 10 in Fighting
 12166 | IceCv    | Noticed a frost giant
 12166 | IceCv    | Noticed a death yak
 12187 | IceCv    | Killed a death yak
 12193 | IceCv    | HP: 1/150 [frost giant/bolt of cold (51)]
 12194 | IceCv    | Killed a frost giant
 12195 | IceCv    | Reached skill level 10 in Armour
 12195 | IceCv    | Reached XP level 12. HP: 1/107 MP: 11/11
 12854 | D:11     | Noticed a two-headed ogre
 12865 | D:11     | Killed a two-headed ogre
 13139 | D:10     | Entered Level 10 of the Dungeon
 13315 | D:10     | Found a staircase to the Lair.
 13535 | D:10     | Found a staircase to the Orcish Mines.
 13727 | D:10     | Noticed a two-headed ogre
 13737 | D:10     | Killed a two-headed ogre
 13858 | D:10     | Found Ichiu's Magic Scroll Shoppe.
 13861 | D:10     | Found a large runed translucent door.
 13864 | D:10     | Found a large runed translucent door.
 13883 | D:10     | Noticed Nergalle
 13892 | D:10     | Killed Nergalle
 14941 | Orc:1    | Entered Level 1 of the Orcish Mines
 14941 | Orc:1    | Noticed an ogre mage
 14941 | Orc:1    | Noticed a two-headed ogre
 14941 | Orc:1    | Noticed a two-headed ogre
 14941 | Orc:1    | Noticed a two-headed ogre
 14941 | Orc:1    | Noticed a two-headed ogre
 14941 | Orc:1    | Noticed a two-headed ogre
 14950 | D:10     | Killed a two-headed ogre
 14951 | D:10     | Reached skill level 10 in Dodging
 14952 | D:10     | Killed a two-headed ogre
 15202 | Orc:1    | Noticed an ettin
 15203 | Orc:1    | Noticed Gastronok
 15209 | D:10     | Killed a two-headed ogre
 15210 | D:10     | Reached skill level 15 in Axes
 15215 | D:10     | Killed a two-headed ogre
 15378 | D:10     | Killed an ettin
 15380 | D:10     | Killed a two-headed ogre
 15660 | D:10     | Killed Gastronok
 15815 | Orc:1    | Killed an ogre mage
 15816 | Orc:1    | Reached XP level 13. HP: 116/117 MP: 12/12
 16410 | Orc:2    | Entered Level 2 of the Orcish Mines
 16410 | Orc:2    | Found a staircase to the Elven Halls.
 16444 | Orc:2    | Identified the +0 executioner's axe "Vied" {vorpal, rC++}
                  | (Trog gifted it to you on level 2 of the Orcish Mines)
 16444 | Orc:2    | Received a gift from Trog
 16503 | Orc:2    | Found a flickering gateway to a bazaar.
 16512 | Bazaar   | Entered a bazaar
 16512 | Bazaar   | Found Nuceutu's Jewellery Emporium.
 16519 | Bazaar   | Found Deoceum's Antique Armour Boutique.
 16527 | Bazaar   | Found Moiqias's Distillery.
 16538 | Bazaar   | Found Caleloroe's Antique Weapon Emporium.
 16554 | Bazaar   | Found Gaollach's General Store.
 16562 | Bazaar   | Bought a +1 tower shield of reflection for 175 gold pieces
 16592 | Bazaar   | Bought a potion of curing for 51 gold pieces
 16592 | Bazaar   | Bought a potion of mutation for 136 gold pieces
 16592 | Bazaar   | Bought a potion of haste for 170 gold pieces
 16672 | Orc:2    | Reached ****** piety under Trog
 17643 | Orc:2    | Found Vixoaq's Antique Armour Shoppe.
 17643 | Orc:2    | Found Abaterr's Antique Armour Boutique.
 17645 | Orc:2    | Found Xag Alis's Book Shop.
 17647 | Orc:2    | Found Wybenuopp's Jewellery Emporium.
 17659 | Orc:2    | Bought the ring of Jiant {+Blink rElec AC+4} for 798 gold
                  | pieces
 17887 | Lair:1   | Entered Level 1 of the Lair of Beasts
 19220 | Lair:2   | Found a staircase to the Snake Pit.
 19652 | Lair:2   | Reached skill level 10 in Shields
 19656 | Lair:2   | HP: 3/178 [12-headed hydra (9)]
 19666 | Lair:2   | Received a gift from Trog
 19667 | Lair:2   | Reached XP level 14. HP: 35/127 MP: 13/13
 20596 | Lair:2   | Found a staircase to the Swamp.
 21301 | Lair:2   | Upgraded the game from 0.27-a0-448-gace5c5693b to
                  | 0.27-a0-463-gec7707c53d
 22628 | Lair:4   | Received a gift from Trog
 23702 | Lair:5   | Found a viscous altar of Jiyva.
 23702 | Lair:5   | Found a staircase to the Slime Pits.
 23926 | Lair:6   | Entered Level 6 of the Lair of Beasts
 24789 | Lair:6   | Reached XP level 15. HP: 121/136 MP: 14/14
 25082 | Lair:6   | Identified the +9 executioner's axe of Obsession {vorpal,
                  | rPois} (Trog gifted it to you on level 6 of the Lair of
                  | Beasts)
 25082 | Lair:6   | Received a gift from Trog
 26707 | D:13     | Noticed Urug
 26717 | D:13     | Killed Urug
 26812 | D:13     | Noticed Kirke
 26928 | D:12     | Killed Kirke
 27486 | D:13     | Noticed Maurice
 27492 | D:13     | Killed Maurice
 27703 | D:13     | Identified the +0 leather armour of Past Mistakes {Rampage
                  | rF+ Int-5}
 27731 | D:13     | Found a gate to the Vaults.
 27900 | D:14     | Identified the ring of Anamnas {rF+ Str-4 SInv Stlth+}
 27951 | D:14     | HP: 10/207 [orc knight/+3 long sword (10)]
 28435 | D:14     | Identified the +5 scale mail of Qitiamy {Str+4}
 28611 | D:14     | Identified the +1 scale mail of Dice, Bag, and Bottle
                  | {rCorr}
 28880 | D:14     | Received a gift from Trog
 29468 | D:15     | Entered Level 15 of the Dungeon
 29597 | D:15     | Reached XP level 16. HP: 134/147 MP: 15/15
 30203 | D:15     | Received a gift from Trog
 30365 | D:15     | Found a staircase to the Depths.
 30618 | D:15     | Reached skill level 15 in Fighting
 30787 | D:15     | Found a shimmering altar of Xom.
 30788 | D:15     | Found a shimmering altar of Xom.
 30788 | D:15     | Found a shimmering altar of Xom.
 30788 | D:15     | Found a shimmering altar of Xom.
 30788 | D:15     | Found a shimmering altar of Xom.
 30788 | D:15     | Found a shimmering altar of Xom.
 31781 | Swamp:1  | Entered Level 1 of the Swamp
 31930 | Swamp:1  | Noticed a tentacled monstrosity
 31933 | Swamp:1  | Found a transporter.
 32002 | Swamp:1  | Found a transporter.
 32003 | Swamp:1  | Noticed a tentacled monstrosity
 32341 | Swamp:1  | Reached skill level 15 in Armour
 32342 | Swamp:1  | Noticed Louise
 32358 | Swamp:1  | Killed Louise
 32807 | Swamp:1  | Killed a tentacled monstrosity
 32808 | Swamp:1  | Killed a tentacled monstrosity
 33216 | Swamp:2  | Noticed Donald
 33230 | Swamp:2  | Killed Donald
 34447 | Swamp:3  | Reached XP level 17. HP: 147/157 MP: 16/16
 34965 | Swamp:4  | Entered Level 4 of the Swamp
 35302 | Swamp:4  | Noticed a tentacled monstrosity
 35308 | Swamp:4  | Killed a tentacled monstrosity
 35308 | Swamp:4  | Received a gift from Trog
 35487 | Swamp:4  | Paralysed by a fenstrider witch for 2 turns
 35584 | Swamp:4  | Noticed a tentacled monstrosity
 35627 | Swamp:4  | Killed a tentacled monstrosity
 35737 | Swamp:4  | Reached skill level 15 in Dodging
 36115 | Swamp:4  | Got a decaying rune of Zot
 36229 | Swamp:4  | Received a gift from Trog
 36971 | Vaults:1 | Entered Level 1 of the Vaults
 36999 | Vaults:1 | Found a burning altar of Makhleb.
 37228 | Vaults:1 | Reached XP level 18. HP: 168/168 MP: 17/17
 37520 | Vaults:1 | Found a portal to a secret trove of treasure.
 37524 | Vaults:1 | You paid a toll of 14 potions of curing to enter a treasure
                  | trove
 37525 | Trove    | Entered a treasure trove
 37528 | Trove    | Identified the ring "Fuosessimniu" {+Blink Str+6 Int+4}
 37530 | Trove    | Identified the ring "Wysig" {+Fly Int+6 Slay+3 SInv Stlth-}
 37537 | Trove    | Identified the amulet "Hamu" {Acrobat Str+2 Dex+5}
 37539 | Trove    | Identified the ring "Zurirph" {rElec rF+ rN+ Will+ Dex+3}
 37540 | Trove    | Identified the ring "Adizaucu" {rElec rPois rN+ Str+4}
 37551 | Trove    | Identified the amulet "Plog" {Acrobat rF+ rN+}
 37552 | Trove    | Identified the amulet "Qank" {Regen+ Dex+2}
 37747 | Vaults:1 | Received a gift from Trog
 37797 | Vaults:1 | Found Laciaqou's Magic Scroll Boutique.
 38888 | Vaults:2 | Received a gift from Trog
 39489 | Vaults:2 | Found a staircase to the Crypt.
 40588 | Vaults:3 | Noticed a lich
 40596 | Vaults:3 | Killed a lich
 42144 | Vaults:4 | Received a gift from Trog
 42145 | Vaults:4 | Reached XP level 19. HP: 137/177 MP: 18/18
 43414 | Vaults:4 | Received a gift from Trog
 43919 | Vaults:4 | Found Qaodah's Assorted Antiques.
 44001 | Vaults:4 | Noticed a dread lich
 44007 | Vaults:4 | Killed a dread lich
 44759 | Snake:1  | Entered Level 1 of the Snake Pit
 45476 | Snake:1  | Received a gift from Trog
 46201 | Snake:2  | Reached XP level 20. HP: 159/189 MP: 19/19
 46847 | Snake:2  | Found Miffot's General Store.
 46852 | Snake:2  | Identified the +6 rapier "Rias" {flame, rElec rF+++ SInv}
 48278 | Snake:3  | Received a gift from Trog
 48425 | Snake:4  | Entered Level 4 of the Snake Pit
 48435 | Snake:4  | Found Kimog's Armour Shop.
 48435 | Snake:4  | Found Uschue's Book Boutique.
 48441 | Snake:4  | Found Vimie's General Store.
 48442 | Snake:4  | Found Ydeid's General Store.
 49503 | Snake:4  | Received a gift from Trog
 50719 | Snake:4  | Got a serpentine rune of Zot
 51269 | Elf:1    | Entered Level 1 of the Elven Halls
 51286 | Elf:1    | Received a gift from Trog
 51487 | Elf:1    | Found Faxziaxt's Armour Shoppe.
 51620 | Elf:1    | Noticed Asterion
 51631 | Elf:1    | Killed Asterion
 52355 | Elf:2    | Reached XP level 21. HP: 183/199 MP: 20/20
 52661 | Elf:2    | Found Hollydo's Book Shoppe.
 52672 | Elf:2    | Received a gift from Trog
 52893 | Elf:2    | Found a huge runed translucent gate.
 52893 | Elf:2    | Found a huge runed translucent gate.
 52893 | Elf:2    | Found a huge runed translucent gate.
 52897 | Elf:2    | Found a huge runed translucent gate.
 52898 | Elf:2    | Found a huge runed translucent gate.
 53047 | Elf:2    | Noticed Azrael
 53059 | Elf:2    | Killed Azrael
 53630 | Elf:2    | Identified the +0 pair of gloves of Zutruov {Int+3}
 53630 | Elf:2    | Noticed Nikola
 53648 | Elf:2    | Killed Nikola
 53652 | Elf:2    | Received a gift from Trog
 53885 | Elf:3    | Entered Level 3 of the Elven Halls
 53906 | Elf:3    | Found the +9 staff of Wucad Mu {*channel}
 53978 | Elf:3    | Identified the +1 leather armour of the First Prophets
                  | {Stlth+}
 53991 | Elf:3    | Identified the Reference Book on Flamy Cold
 54155 | Elf:3    | Received a gift from Trog
 54632 | Elf:3    | Identified the +1 rapier of Circular Logic {venom, rElec
                  | rPois}
 54770 | Elf:3    | Identified the +1 hand crossbow of Deumokid {freeze, rPois
                  | Str+7}
 55496 | Depths:1 | Entered Level 1 of the Depths
 55496 | Depths:1 | Found a gateway to Hell.
 55829 | Depths:1 | Received a gift from Trog
 56351 | Depths:1 | Identified the +1 battleaxe of the Ghost {holy, *Corrode
                  | rElec rN+++ SInv}
 56485 | Depths:1 | Found a one-way gate leading to the halls of Pandemonium.
 56965 | Depths:1 | Reached XP level 22. HP: 211/211 MP: 21/21
 57026 | Depths:1 | You are sucked into a shaft and drop 1 floor!
 58674 | Depths:2 | Received a gift from Trog
 58816 | Depths:2 | Found The Legendary Geisi's Legendary Smithy.
 58840 | Depths:2 | Found Juluroq's General Store.
 58880 | Depths:2 | Bought a potion of curing for 39 gold pieces
 58920 | Depths:2 | Found a broken altar of Ashenzari.
 58948 | Depths:2 | Found Ireduihu's Miraculous Elixirs.
 59160 | Depths:2 | Found an ancient bone altar of Kikubaaqudgha.
 59615 | Depths:2 | Found Urchoghud's Book Emporium.
 59616 | Depths:2 | Found Mepijion's Jewellery Shop.
 59616 | Depths:2 | Found Maufyl Duag's Jewellery Shop.
 61678 | Depths:3 | Reached XP level 23. HP: 149/217 MP: 22/22
 62048 | Depths:3 | Received a gift from Trog
 62114 | Depths:3 | Noticed a dread lich
 62143 | Depths:3 | Killed a dread lich
 62694 | Depths:4 | Found a one-way gate to the infinite horrors of the Abyss.
 62705 | Depths:4 | Found Moelyluvoke's Jewellery Boutique.
 62714 | Depths:4 | Bought the amulet of Parexkuu {Reflect +Blink Str+3 Dex+3
                  | Slay+6 SH+5} for 1636 gold pieces
 62767 | Depths:4 | Found a gateway to a ziggurat.
 62767 | Depths:4 | Noticed Sojobo
 62791 | Depths:4 | Killed Sojobo
 63279 | Depths:4 | Received a gift from Trog
 63651 | Depths:4 | Noticed a juggernaut
 63660 | Depths:4 | Killed a juggernaut
 63697 | Depths:4 | Noticed Saint Roka
 63714 | Depths:4 | Killed Saint Roka
 63772 | Depths:4 | Noticed the Enchantress
 63778 | Depths:4 | Killed the Enchantress
 64142 | Depths:4 | Found Kixozuoh's General Store.
 64149 | Depths:4 | Bought a potion of curing for 60 gold pieces
 64675 | Depths:5 | Entered Level 5 of the Depths
 64859 | Depths:5 | Paralysed by a floating eye for 2 turns
 65157 | Depths:5 | Received a gift from Trog
 65312 | Depths:5 | Gained mutation: Armour fits poorly on your strangely
                  | shaped body. [a shining eye]
 65313 | Depths:5 | Reached XP level 24. HP: 235/235 MP: 22/22
 65621 | Depths:5 | Found a gate to the Realm of Zot.
 66268 | Depths:5 | Found a corrupted altar of Lugonu.
 66319 | Depths:5 | Noticed Frederick
 66327 | Depths:5 | Killed Frederick
 66797 | Depths:4 | Bought a scroll of enchant armour for 150 gold pieces
 66797 | Depths:4 | Bought a scroll of enchant armour for 150 gold pieces
 66993 | D:10     | Bought a scroll of enchant armour for 90 gold pieces
 66993 | D:10     | Bought a scroll of teleportation for 36 gold pieces
 66993 | D:10     | Bought a scroll of holy word for 90 gold pieces
 67128 | D:4      | Bought a scroll of enchant armour for 82 gold pieces
 67192 | D:5      | Bought a scroll of enchant armour for 105 gold pieces
 67491 | Vaults:5 | Entered Level 5 of the Vaults
 67497 | Vaults:4 | Received a gift from Trog
 67512 | Vaults:5 | Noticed Xtahua
 67564 | Vaults:4 | Killed Xtahua
 67937 | Vaults:5 | Identified the +7 war axe of Wiosa {antimagic, +Rage} (Trog
                  | gifted it to you on level 5 of the Vaults)
 67937 | Vaults:5 | Received a gift from Trog
 67963 | Vaults:5 | Identified the +5 hunting sling of Domination {venom, rC+
                  | rN+ Will++}
 67977 | Vaults:5 | Noticed an ancient lich
 67979 | Vaults:5 | Found the +0 pair of fencer's gloves {Riposte Dex+3}
 67986 | Vaults:5 | Killed an ancient lich
 68067 | Vaults:5 | Identified the +5 chain mail of Poli Nick {Str+2}
 68074 | Vaults:5 | Identified the Papyrus of Necromancy
 68180 | Vaults:5 | Noticed an ancient lich
 68188 | Vaults:5 | Killed an ancient lich
 68216 | Vaults:5 | Identified the +8 rapier of the Extremely Mad {drain, *Slow
                  | +Fly Int+3}
 68264 | Vaults:5 | Found Hentaroa's Distillery.
 68384 | Vaults:5 | Reached XP level 25. HP: 245/245 MP: 22/22
 68391 | Vaults:5 | Bought a potion of heal wounds for 85 gold pieces
 68471 | Vaults:5 | Found Woept's Magic Scroll Shoppe.
 68473 | Vaults:5 | Found Kaoloyra's Jewellery Shoppe.
 68698 | Vaults:5 | Bought a scroll of enchant armour for 127 gold pieces
 68723 | Vaults:5 | Found Seitauj's Distillery.
 68727 | Vaults:5 | Bought a potion of heal wounds for 85 gold pieces
 68727 | Vaults:5 | Bought a potion of heal wounds for 85 gold pieces
 68781 | Vaults:5 | Received a gift from Trog
 69160 | Vaults:5 | Got a silver rune of Zot
 69162 | Vaults:5 | Identified the +0 pair of boots of the Turtledove {Slay+3}
 69345 | Vaults:5 | Found Vigi's Antique Armour Shop.
 69346 | Vaults:5 | Found Nusu's Distillery.
 69612 | Vaults:5 | Found Faluxeh's Distillery.
 69617 | Vaults:5 | Bought 2 potions of heal wounds for 130 gold pieces
 69626 | Vaults:5 | Found Xienwik's Distillery.
 69630 | Vaults:5 | Bought a potion of heal wounds for 85 gold pieces
 69987 | Slime:1  | Entered Level 1 of the Pits of Slime
 70134 | Slime:2  | Found a viscous altar of Jiyva.
 70135 | Slime:2  | Paralysed by a floating eye for 4 turns
 70372 | Slime:2  | Received a gift from Trog
 71978 | Slime:5  | Entered Level 5 of the Pits of Slime
 72115 | Slime:4  | Gained mutation: You are clumsy. (Dex -2) [a shining eye]
 72341 | Slime:5  | Gained mutation: Scrolls take you a little longer to read.
                  | [a shining eye]
 72504 | Slime:4  | Reached XP level 26. HP: 239/258 MP: 22/22
 72540 | Slime:4  | Lost mutation: Scrolls take you a little longer to read.
                  | [potion of mutation]
 72540 | Slime:4  | Lost mutation: You are clumsy. (Dex -2) [potion of
                  | mutation]
 72540 | Slime:4  | Lost mutation: Armour fits poorly on your strangely shaped
                  | body. [potion of mutation]
 72540 | Slime:4  | Gained mutation: Your magical capacity is low. (-10% MP)
                  | [potion of mutation]
 72540 | Slime:4  | Gained mutation: Your mind is acute. (Int +2) [potion of
                  | mutation]
 72558 | Slime:5  | Found a viscous altar of Jiyva.
 72594 | Slime:5  | Noticed the Royal Jelly
 72596 | Slime:5  | Found the +8 longbow "Zephyr" {speed, Dex+3 SInv}
 72604 | Slime:5  | Killed the Royal Jelly
 72618 | Slime:5  | Received a gift from Trog
 72621 | Slime:5  | Identified the amulet "Luulock" {Acrobat +Inv}
 72736 | Slime:5  | Identified the +10 plate armour of Day {Rampage}
 72752 | Slime:5  | Got a slimy rune of Zot
 72753 | Slime:5  | Identified the +0 scale mail of Elyvilon's Displeasure
                  | {rElec Slay+2}
 72770 | Slime:5  | Identified Lousips's Guide on Transformation
 72772 | Slime:5  | Identified Xilimm's Tome of the Earthen Voyage
 73433 | Zot:1    | Entered Level 1 of the Realm of Zot
 73451 | Zot:1    | Identified the amulet of Pog Xehi {Acrobat rPois rN+}
 74278 | Zot:1    | Received a gift from Trog
 74351 | Zot:1    | Identified the Handbook of Scorching Stolen Souls
 75829 | Zot:3    | Received a gift from Trog
 75920 | Zot:3    | Reached XP level 27. HP: 269/269 MP: 19/19
 76960 | Zot:5    | Entered Level 5 of the Realm of Zot
 77066 | Zot:5    | Identified the +12 battleaxe of Hosuem {vorpal, *Drain
                  | Str+2 Int+2 Stlth+} (Trog gifted it to you on level 5 of
                  | the Realm of Zot)
 77066 | Zot:5    | Received a gift from Trog
 77097 | Zot:5    | Reached skill level 27 in Dodging
 77553 | Zot:5    | Identified the +9 plate armour "Haple" {-Cast rN++ Will+++
                  | Int+3}
 77645 | Zot:5    | Noticed an orb of fire
 77651 | Zot:5    | Noticed an orb of fire
 77653 | Zot:5    | Noticed a dread lich
 77654 | Zot:5    | Noticed an orb of fire
 77829 | Zot:5    | Gained mutation: You are occasionally teleported next to
                  | monsters. [an orb of fire]
 77836 | Zot:4    | Lost mutation: Your mind is acute. (Int +2) [an orb of
                  | fire]
 77837 | Zot:4    | Killed an orb of fire
 78102 | Zot:5    | Noticed an orb of fire
 78116 | Zot:4    | Killed an orb of fire
 78117 | Zot:4    | Reached skill level 27 in Fighting
 78117 | Zot:4    | Reached skill level 27 in Armour
 78171 | Zot:5    | Noticed an ancient lich
 78171 | Zot:5    | Gained mutation: Scrolls take you a little longer to read.
                  | [an orb of fire]
 78172 | Zot:5    | Reached skill level 1 in Throwing
 78172 | Zot:5    | Reached skill level 1 in Evocations
 78174 | Zot:5    | Gained mutation: You are weak. (Str -2) [an orb of fire]
 78178 | Zot:5    | Noticed an ancient lich
 78179 | Zot:5    | Gained mutation: You occasionally shout uncontrollably at
                  | your foes. [an orb of fire]
 78183 | Zot:5    | Killed an orb of fire
 78185 | Zot:5    | Killed an orb of fire
 78185 | Zot:5    | Killed an ancient lich
 78186 | Zot:5    | Noticed an ancient lich
 78188 | Zot:5    | Noticed an ancient lich
 78191 | Zot:5    | Killed an ancient lich
 78198 | Zot:5    | Killed an ancient lich
 78202 | Zot:5    | Killed an ancient lich
 78207 | Zot:5    | Killed a dread lich
 78208 | Zot:5    | Reached skill level 5 in Throwing
 78215 | Zot:5    | Lost mutation: You are weak. (Str -2) [potion of mutation]
 78215 | Zot:5    | Lost mutation: You occasionally shout uncontrollably at
                  | your foes. [potion of mutation]
 78215 | Zot:5    | Lost mutation: Your magical capacity is low. (-10% MP)
                  | [potion of mutation]
 78215 | Zot:5    | Gained mutation: You have large cloven feet. [potion of
                  | mutation]
 78215 | Zot:5    | Gained mutation: You expend magic power (3 MP) to
                  | strengthen your wands. [potion of mutation]
 78216 | Zot:5    | Lost mutation: Scrolls take you a little longer to read.
                  | [potion of mutation]
 78216 | Zot:5    | Lost mutation: You are occasionally teleported next to
                  | monsters. [potion of mutation]
 78216 | Zot:5    | Lost mutation: You have large cloven feet. [potion of
                  | mutation]
 78216 | Zot:5    | Gained mutation: You do not regenerate when monsters are
                  | visible. [potion of mutation]
 78216 | Zot:5    | Gained mutation: Your muscles are strong. (Str +2) [potion
                  | of mutation]
 78216 | Zot:5    | Gained mutation: You have sharp toenails. [potion of
                  | mutation]
 78283 | Zot:5    | Noticed a dread lich
 78283 | Zot:5    | Noticed an ancient lich
 78293 | Zot:5    | Killed a dread lich
 78294 | Zot:5    | Reached skill level 5 in Evocations
 78389 | Zot:5    | Killed an ancient lich
 78389 | Zot:5    | Received a gift from Trog
 78484 | Zot:5    | Noticed a dread lich
 78488 | Zot:5    | Reached skill level 15 in Shields
 78495 | Zot:5    | Killed a dread lich
 79119 | Depths:2 | Bought a manual of Shields for 2097 gold pieces
 79604 | Temple   | Entered the Ecumenical Temple
 79614 | Temple   | Fell from the grace of Trog
 79614 | Temple   | Became a worshipper of the Shining One
 80034 | Depths:4 | Voluntarily entered the Abyss.
 80205 | Abyss:1  | Reached * piety under the Shining One
 80248 | Abyss:1  | Gained mutation: Your body sometimes deteriorates upon
                  | taking damage. [a cacodemon]
 80361 | Abyss:1  | Reached ** piety under the Shining One
 80521 | Abyss:1  | Reached *** piety under the Shining One
 80992 | Abyss:2  | Reached **** piety under the Shining One
 81006 | Abyss:3  | Found a corrupted altar of Lugonu.
 81181 | Abyss:3  | Got an abyssal rune of Zot
 81206 | Abyss:3  | Reached ***** piety under the Shining One
 81233 | Depths:4 | Escaped the Abyss
 81594 | Crypt:1  | Entered Level 1 of the Crypt
 81786 | Crypt:1  | You are sucked into a shaft and drop 1 floor!
 81790 | Crypt:2  | Noticed Mara
 81803 | Crypt:2  | Noticed spiderkeys's illusion
 81811 | Crypt:2  | Killed Mara
 81812 | Crypt:2  | Reached skill level 10 in Throwing
 81829 | Crypt:2  | Reached ****** piety under the Shining One
 82757 | Elf:1    | Identified a +8 executioner's axe of holy wrath (a +6
                  | executioner's axe blessed by the Shining One)
 82757 | Elf:1    | Received a gift from the Shining One
 83447 | Crypt:3  | Entered Level 3 of the Crypt
 83450 | Crypt:3  | Reached skill level 1 in Invocations
 83552 | Crypt:3  | Reached skill level 10 in Evocations
 84196 | Crypt:3  | Found a staircase to the Tomb.
 84281 | Crypt:3  | Found the +7 sceptre of Torment {pain, torment}
 84735 | Crypt:3  | Identified the +4 rapier of the Lurker {vorpal, rC- Str+6}
 85063 | Snake:4  | Bought a scroll of enchant weapon for 127 gold pieces
 85275 | Vaults:1 | Bought a scroll of enchant weapon for 105 gold pieces
 85487 | D:5      | Bought a scroll of enchant weapon for 105 gold pieces
 85987 | Pan      | Entered Pandemonium
 86086 | Pan      | Noticed Yneceuhi the pandemonium lord
 86092 | Pan      | Killed Yneceuhi the pandemonium lord
 86098 | Pan      | Reached skill level 5 in Invocations
 86935 | Pan      | Noticed Daph the pandemonium lord
 86947 | Pan      | Killed Daph the pandemonium lord
 87126 | Pan      | Gained mutation: You are partially covered in slimy green
                  | scales. (AC +2) [a neqoxec]
 87603 | Pan      | Found an exit through the horrors of the Abyss.
 88464 | Pan      | Identified the +8 trident of Punishment {freeze, rC+}
 88466 | Pan      | Reached skill level 10 in Invocations
 88505 | Pan      | Noticed Kosuidd the pandemonium lord
 88517 | Pan      | Killed Kosuidd the pandemonium lord
 89162 | Pan      | Found a transporter.
 89220 | Pan      | Found a transporter.
 89521 | Pan      | Paralysed by Trog for 2 turns
 89580 | Pan      | Identified the +0 pearl dragon scales "Daxt" {rPois rN+}
 89591 | Pan      | Identified the amulet "Ineelus" {Acrobat rElec Int+4 SInv}
 89613 | Pan      | Identified the ring of Zin's Fury {rC+ Int+3}
 90284 | Pan      | Entered the realm of Gloorx Vloq.
 90317 | Pan      | Noticed Gloorx Vloq
 90335 | Pan      | Killed Gloorx Vloq
 90567 | Pan      | Got a dark rune of Zot
 91300 | Pan      | Reached skill level 15 in Invocations
 91314 | Pan      | Noticed Noel the pandemonium lord
 91350 | Pan      | Killed Noel the pandemonium lord
 92192 | Pan      | Found an exit through the horrors of the Abyss.
 92508 | Pan      | Noticed Uplugez the pandemonium lord
 92513 | Pan      | Killed Uplugez the pandemonium lord
 93017 | Pan      | Was forgiven by Trog
 93264 | Pan      | Reached skill level 15 in Evocations
 93509 | Pan      | Noticed Caomy the pandemonium lord
 93520 | Pan      | Killed Caomy the pandemonium lord
 93882 | Pan      | Noticed Wawnaek the pandemonium lord
 93894 | Pan      | Killed Wawnaek the pandemonium lord
 93981 | Pan      | Noticed Mennas
 93997 | Pan      | Killed Mennas
 94508 | Pan      | Gained mutation: You are frail. (-10% HP) [a neqoxec]
 94512 | Pan      | Noticed Loecoan the pandemonium lord
 94523 | Pan      | Killed Loecoan the pandemonium lord
 94538 | Pan      | Got a demonic rune of Zot
 95203 | Pan      | Entered the realm of Cerebov.
 95534 | Pan      | Identified the ring of Husk {EV+4 Dex+4}
 95542 | Pan      | Identified the +8 fustibalus of Dissolution {freeze, rC-
                  | Int+2 SInv}
 95750 | Pan      | Found the +6 sword of Cerebov {flame}
 95750 | Pan      | Noticed Cerebov
 96015 | Pan      | Identified the +1 shortbow "Rocliuwi" {freeze, rPois Int+4
                  | Dex+2}
 96029 | Pan      | Identified the +5 halberd of the Chickpea {speed, rPois rN+
                  | Stlth+}
 96029 | Pan      | Identified the ring of Puarimp {rPois Int+3 Stlth+}
 96036 | Pan      | Identified the Catalogue of the Snowflakes and Venom
 96860 | Pan      | Identified the ring of the Twenty Songs {rF+ rC+ Int+3
                  | Stlth+}
 96863 | Pan      | Identified the +7 trident "Akhla" {drain, rF++}
 96881 | Pan      | Reached skill level 27 in Axes
 96882 | Pan      | Identified the ring "Hayjof" {rF+ rN++ Str-4 Dex+6}
 96883 | Pan      | Identified the +3 buckler of Waezeips {Int+2}
 96914 | Pan      | Identified the +7 war axe of the Freezing Asp {venom,
                  | Will+++ Int+4 Dex-2 SInv}
 96914 | Pan      | Identified the ring "Ucokioki" {*Drain rC+++ rN++ Str-5
                  | Dex+6}
 96931 | Pan      | Lost mutation: You have sharp toenails. [potion of
                  | mutation]
 96931 | Pan      | Lost mutation: You are frail. (-10% HP) [potion of
                  | mutation]
 96931 | Pan      | Lost mutation: Your body sometimes deteriorates upon taking
                  | damage. [potion of mutation]
 96931 | Pan      | Lost mutation: You expend magic power (3 MP) to strengthen
                  | your wands. [potion of mutation]
 96931 | Pan      | Gained mutation: You have a pair of large horns on your
                  | head. [potion of mutation]
 96931 | Pan      | Gained mutation: You have sharp toenails. [potion of
                  | mutation]
 96932 | Pan      | Lost mutation: You are partially covered in slimy green
                  | scales. (AC +2) [potion of mutation]
 96932 | Pan      | Lost mutation: You do not regenerate when monsters are
                  | visible. [potion of mutation]
 96932 | Pan      | Lost mutation: You have sharp toenails. [potion of
                  | mutation]
 96932 | Pan      | Gained mutation: Scrolls take you a little longer to read.
                  | [potion of mutation]
 96932 | Pan      | Gained mutation: Your magical capacity is low. (-10% MP)
                  | [potion of mutation]
 96932 | Pan      | Gained mutation: You are strong-willed. (Will+) [potion of
                  | mutation]
 96933 | Pan      | Lost mutation: Your magical capacity is low. (-10% MP)
                  | [potion of mutation]
 96933 | Pan      | Lost mutation: Your muscles are strong. (Str +2) [potion of
                  | mutation]
 96933 | Pan      | Lost mutation: Scrolls take you a little longer to read.
                  | [potion of mutation]
 96933 | Pan      | Lost mutation: You have a pair of large horns on your head.
                  | [potion of mutation]
 96933 | Pan      | Gained mutation: Scrolls take you a little longer to read.
                  | [potion of mutation]
 96933 | Pan      | Gained mutation: Your spells are a little easier to cast,
                  | but a little less powerful. [potion of mutation]
 96933 | Pan      | Gained mutation: You expend magic power (3 MP) to
                  | strengthen your wands. [potion of mutation]
 96933 | Pan      | Gained mutation: You have very sharp teeth. [potion of
                  | mutation]
 96935 | Pan      | Lost mutation: You expend magic power (3 MP) to strengthen
                  | your wands. [potion of mutation]
 96935 | Pan      | Lost mutation: Scrolls take you a little longer to read.
                  | [potion of mutation]
 96935 | Pan      | Lost mutation: You are strong-willed. (Will+) [potion of
                  | mutation]
 96935 | Pan      | Gained mutation: You are strong-willed. (Will+) [potion of
                  | mutation]
 96935 | Pan      | Gained mutation: You are weak. (Str -2) [potion of
                  | mutation]
 96935 | Pan      | Gained mutation: You are clumsy. (Dex -2) [potion of
                  | mutation]
 96935 | Pan      | Gained mutation: You are highly strong-willed. (Will++)
                  | [potion of mutation]
 96936 | Pan      | Lost mutation: You are highly strong-willed. (Will++)
                  | [potion of mutation]
 96936 | Pan      | Lost mutation: You are clumsy. (Dex -2) [potion of
                  | mutation]
 96936 | Pan      | Lost mutation: Your spells are a little easier to cast, but
                  | a little less powerful. [potion of mutation]
 96936 | Pan      | Gained mutation: You occasionally shout uncontrollably at
                  | your foes. [potion of mutation]
 96936 | Pan      | Gained mutation: You have sharp fingernails. [potion of
                  | mutation]
 96936 | Pan      | Gained mutation: Your spells are a little easier to cast,
                  | but a little less powerful. [potion of mutation]
 96936 | Pan      | Gained mutation: You are surrounded by a mild repulsion
                  | field. (EV +2) [potion of mutation]
 96937 | Pan      | Lost mutation: You are weak. (Str -2) [potion of mutation]
 96937 | Pan      | Lost mutation: You occasionally shout uncontrollably at
                  | your foes. [potion of mutation]
 96937 | Pan      | Lost mutation: You are strong-willed. (Will+) [potion of
                  | mutation]
 96937 | Pan      | Gained mutation: You have sharp toenails. [potion of
                  | mutation]
 96938 | Pan      | Lost mutation: Your spells are a little easier to cast, but
                  | a little less powerful. [potion of mutation]
 96938 | Pan      | Lost mutation: You have sharp toenails. [potion of
                  | mutation]
 96938 | Pan      | Gained mutation: You are occasionally teleported next to
                  | monsters. [potion of mutation]
 96938 | Pan      | Gained mutation: Your body sometimes deteriorates upon
                  | taking damage. [potion of mutation]
 96938 | Pan      | Gained mutation: You possess an exceptional clarity of
                  | mind. [potion of mutation]
 96939 | Pan      | Lost mutation: You are surrounded by a mild repulsion
                  | field. (EV +2) [potion of mutation]
 96939 | Pan      | Lost mutation: You possess an exceptional clarity of mind.
                  | [potion of mutation]
 96939 | Pan      | Lost mutation: Your body sometimes deteriorates upon taking
                  | damage. [potion of mutation]
 96939 | Pan      | Gained mutation: Your flesh is cold resistant. (rC+)
                  | [potion of mutation]
 96940 | Pan      | Lost mutation: You are occasionally teleported next to
                  | monsters. [potion of mutation]
 96940 | Pan      | Lost mutation: You have very sharp teeth. [potion of
                  | mutation]
 96940 | Pan      | Gained mutation: You are occasionally teleported next to
                  | monsters. [potion of mutation]
 96940 | Pan      | Gained mutation: Scrolls take you a little longer to read.
                  | [potion of mutation]
 96940 | Pan      | Gained mutation: You have a pair of large horns on your
                  | head. [potion of mutation]
 96941 | Pan      | Lost mutation: You have a pair of large horns on your head.
                  | [potion of mutation]
 96941 | Pan      | Lost mutation: Scrolls take you a little longer to read.
                  | [potion of mutation]
 96941 | Pan      | Lost mutation: You are occasionally teleported next to
                  | monsters. [potion of mutation]
 96941 | Pan      | Lost mutation: Your flesh is cold resistant. (rC+) [potion
                  | of mutation]
 96941 | Pan      | Gained mutation: Your flesh is heat resistant. (rF+)
                  | [potion of mutation]
 96941 | Pan      | Gained mutation: You are partially covered in rugged brown
                  | scales. (AC +1, +3% HP) [potion of mutation]
 97025 | Pan      | Killed Cerebov
 97100 | Pan      | Identified the ring "Rulolylid" {Wiz Will++ Str-5 Int+2}
 97102 | Pan      | Identified the +4 great mace of Corporal Punishment {pain,
                  | rPois rN+ Will- Int+6}
 97121 | Pan      | Identified the ring "Rixko" {rF- Str+3 SInv}
 97153 | Pan      | Got a fiery rune of Zot
 97560 | Pan      | Noticed Ruehyes the pandemonium lord
 97586 | Pan      | Killed Ruehyes the pandemonium lord
 98294 | Pan      | Learned a level 3 spell: Portal Projectile
 98296 | Pan      | Learned a level 1 spell: Apportation
 98672 | Pan      | Noticed Otwelaxyi the pandemonium lord
 98678 | Pan      | Killed Otwelaxyi the pandemonium lord
 98849 | Pan      | Found an exit through the horrors of the Abyss.
 99825 | Pan      | Found a runed translucent door.
 99874 | Pan      | Found a runed translucent door.
 99877 | Pan      | Found a runed translucent door.
 99880 | Pan      | Found a runed translucent door.
 99892 | Pan      | Noticed Muyrib the pandemonium lord
 99898 | Pan      | Killed Muyrib the pandemonium lord
100225 | Pan      | Noticed Wimofucu the pandemonium lord
100230 | Pan      | Killed Wimofucu the pandemonium lord
100804 | Pan      | Identified the ring of Ewodis {rF- rC+ rN+ Will++ Stlth-}
101121 | Pan      | Found an exit through the horrors of the Abyss.
102478 | Pan      | Noticed Vefyq the pandemonium lord
102497 | Pan      | Killed Vefyq the pandemonium lord
102907 | Pan      | Found a runed translucent door.
103351 | Pan      | Entered the realm of Mnoleg.
103354 | Pan      | Noticed Mnoleg
103354 | Pan      | Gained mutation: You are clumsy. (Dex -2) [a cacodemon]
103360 | Pan      | Paralysed by a floating eye for 3 turns
103361 | Pan      | Gained mutation: You occasionally shout uncontrollably at
                  | your foes. [a cacodemon]
103389 | Pan      | Gained mutation: You possess an exceptional clarity of
                  | mind. [a neqoxec]
103393 | Pan      | Killed Mnoleg
103419 | Pan      | Gained mutation: Armour fits poorly on your strangely
                  | shaped body. [a neqoxec]
103488 | Pan      | Gained mutation: You are occasionally teleported next to
                  | monsters. [a neqoxec]
103695 | Pan      | Gained mutation: Scrolls take you a little longer to read.
                  | [a cacodemon]
103775 | Pan      | Found an exit through the horrors of the Abyss.
103779 | Pan      | Gained mutation: You are weak. (Str -2) [a neqoxec]
104035 | Pan      | Gained mutation: You are frail. (-10% HP) [a cacodemon]
104101 | Pan      | Got a glowing rune of Zot
104303 | Pan      | Lost mutation: You are weak. (Str -2) [potion of mutation]
104303 | Pan      | Lost mutation: You are clumsy. (Dex -2) [potion of
                  | mutation]
104303 | Pan      | Lost mutation: You occasionally shout uncontrollably at
                  | your foes. [potion of mutation]
104303 | Pan      | Lost mutation: Scrolls take you a little longer to read.
                  | [potion of mutation]
104303 | Pan      | Gained mutation: You are partially covered in molten
                  | scales. (AC +2) [potion of mutation]
104304 | Pan      | Lost mutation: You are occasionally teleported next to
                  | monsters. [potion of mutation]
104304 | Pan      | Lost mutation: Your flesh is heat resistant. (rF+) [potion
                  | of mutation]
104304 | Pan      | Lost mutation: You are frail. (-10% HP) [potion of
                  | mutation]
104304 | Pan      | Gained mutation: Your magical capacity is low. (-10% MP)
                  | [potion of mutation]
104304 | Pan      | Gained mutation: You have a pair of large horns on your
                  | head. [potion of mutation]
104426 | Pan      | Found an exit through the horrors of the Abyss.
104516 | Pan      | Entered the realm of Lom Lobon.
104863 | Pan      | Identified the ring "Qyshot" {rC+ MP+9}
105069 | Pan      | Noticed Lom Lobon
105079 | Pan      | Got a magical rune of Zot
105453 | Pan      | Killed Lom Lobon
106059 | Pan      | Found an exit through the horrors of the Abyss.
106201 | Pan      | Identified a scroll of acquirement
106201 | Pan      | Found a transporter.
106260 | Pan      | Found a transporter.
106298 | Pan      | Killed from afar by a Hell Sentinel

Illustrated notes

Levels and vault maps discovered:
D:1:      nicolae_arrival_washed_ashore, layout_loops_ring
D:2:      kennysheep_the_goblin_king, layout_loops_ring
D:3:      minmay_razor_zed, layout_loops_ring, minmay_misc_feat_roman,
          kennysheep_generic_room_12
D:4:      layout_basic, serial_glass, glass_columns_a, glass_columns_a,
          glass_columns_a, glass_columns_b, glass_columns_b, glass_columns_a,
          serial_shops, shop_coins, shop_fountains, shop,
          minmay_misc_feat_plants, hangedman_abyss_or_decor_passed,
          corexii_corridor_pit
D:5:      layout_gridville, serial_shops, nicolae_shop_behind_doors
D:6:      kennysheep_six_static_rooms, layout_basic,
          nicolae_overflow_hidden_temple, minmay_temple_entry_trees,
          uniq_duvessa, uniq_menkaure
D:7:      layout_gridville
D:8:      layout_basic, nicolae_ru_the_path_less_chosen, kennysheep_mini,
          minmay_joined_circles, uniq_grum, uniq_harold
D:9:      layout_roguey, grunt_temple_overflow_open,
          nemelex_xobeh_ov_fountains_minmay, serial_shops, shop
D:10:     layout_cave_pods, david_lair_shrubbed, orc_david_3, serial_shops,
          shop_fountains, amcnicky_mini_rare_corridor_liquid,
          lightli_elemental_guards, uniq_nergalle
D:11:     layout_loops_ring, portal_ice_cave_entry_animals_and_master
D:12:     layout_cave_pools, corexii_leaking_fountain
D:13:     layout_cave_pools, ximxim_vaults_locker_room, uniq_kirke, uniq_urug,
          uniq_maurice
D:14:     minmay_the_grid_octo_tiled_octocenter [minmay_the_grid_octo_chip,
          minmay_the_grid_octo_odd_swirl, minmay_the_grid_octo_thin_diamonds,
          minmay_the_grid_octo_empty, minmay_the_grid_octo_prize_big_c,
          minmay_the_grid_square_5x5_mess, minmay_the_grid_square_5x5_two,
          minmay_the_grid_square_5x5_half_checkered,
          minmay_the_grid_square_5x5_bite], layout_stronghold,
          hangedman_decor_push
D:15:     grunt_enter_depths_snipers, layout_layer_cave,
          roderic_lattice_octagonal_star, xom_shifter_show
Temple:   regret_index_temple_sphere_string
Lair:1:   layout_misc_corridors, grunt_forest_small_clearings,
          minmay_lair_oklob_bushes, chequers_serial_rivers_small_b,
          grunt_forest_small_clearing_treed
Lair:2:   nzn_winding_woodlands_medium [nzn_winding_woodlands_5x5_three,
          nzn_winding_woodlands_5x15_twine, nzn_winding_woodlands_5x5_cross,
          nzn_winding_woodlands_5x5_perimeter,
          nzn_winding_woodlands_center_pierced_h,
          nzn_winding_woodlands_hourglass,
          nzn_winding_woodlands_5x5_checkerboard,
          nzn_winding_woodlands_5x15_pathside_ponds,
          nzn_winding_woodlands_5x5_open_star], layout_cave_pods,
          minmay_swamp_entry_worms, guppyfry_snake_entry_island,
          beast_lair_carwin_9, lemuel_fruit_tree
Lair:3:   layout_roguey
Lair:4:   layout_loops_ring, eino_house_with_fridge
Lair:5:   layout_regular_city, slime_altar_1, grunt_megastairs_3,
          infiniplex_staircase_pool_2, serial_bayou_shore_a,
          minmay_lair_oklob_chamber
Lair:6:   wormcave, layout_cave_pods, guppyfry_lair_end_dragon, serial_bayou,
          serial_bayou_pond_e, serial_bayou_shore_b, serial_bayou_pond_b,
          serial_bayou_pond_b, serial_bayou_crossing,
          chequers_serial_rivers_marsh
Swamp:1:  gammafunk_sealed_arena, layout_basic_swamp,
          evilmike_swamp_ruin_house_5, nicolae_swamp_triple_paths, swamp_pool4,
          grunt_hermit_hut, uniq_louise
Swamp:2:  layout_basic_swamp, evilmike_swamp_ruin_rubble_1, uniq_donald
Swamp:3:  layout_basic_swamp, nicolae_swamp_little_tower
Swamp:4:  nzn_swamp_witches_coven, layout_basic_swamp
Snake:1:  layout_gridlike, grunt_megastairs_5
Snake:2:  layout_chambers, serial_shops, shop, nicolae_snake_springs
Snake:3:  layout_basic
Snake:4:  snake_pit, layout_misc_corridors, minmay_shoptagon
Slime:1:  layout_caves
Slime:2:  layout_caves, basic_altar
Slime:3:  layout_caves
Slime:4:  layout_caves
Slime:5
Orc:1:    layout_caves, uniq_gastronok
Orc:2:    st_orc_rangers, layout_caves, serial_shops, bzr_firewalk
Elf:1:    minmay_elf_arrival_summoners, layout_rooms, serial_shops,
          nicolae_shop_waterfront, hangedman_corner_corridor, uniq_asterion
Elf:2:    layout_loops_ring, corexii_hall_statues_x, minmay_shop_star,
          uniq_nikola, uniq_azrael
Elf:3:    grunt_elf_hall_diamonds, layout_loops_cross, roderic_roman_lattice
Vaults:1: hangedman_vaults_nails, grunt_vaults_trifunnel, serial_ice_m,
          hangedman_vaults_restitches, ontoclasm_vaults_misaligned,
          vaults_room_stairs_pillars, nicolae_vaults_little_squares_3,
          layout_vaults_chaotic_city, basic_altar,
          nicolae_trove_entry_crossroad, serial_shops, shop
Vaults:2: nicolae_vaults_little_squares_4, vaults_room_pools,
          hangedman_vaults_unwind, hangedman_vaults_stream,
          nicolae_vaults_statue_guard, minmay_crypt_entry_simple_box,
          nicolae_vaults_network_quinsquares
          [nicolae_vaults_network_quincunx_subvault,
          nicolae_vaults_network_quincunx_subvault,
          nicolae_vaults_network_quincunx_subvault,
          nicolae_vaults_network_quincunx_subvault],
          nicolae_vaults_little_squares_5, v_misc_30, v_misc_10,
          ontoclasm_vaults_misaligned, nicolae_vaults_ring_of_whatevers,
          v_pattern_3, nicolae_vaults_gold_heap, vaults_dpeg_spiral,
          ontoclasm_vaults_decontamination, vaults_room_large_hall,
          layout_vaults_omnicross
Vaults:3: hangedman_vaults_pinch, nicolae_vaults_theta, v_misc_2,
          vaults_dpeg_encased_lava, grunt_vaults_hallway_short,
          layout_vaults_omnigrid
Vaults:4: v_misc_33, v_misc_28, v_misc_33, nicolae_vaults_sealed_display,
          vaults_room_pool, hangedman_vaults_snaps,
          nicolae_vaults_yaktaur_gun_rack, vaults_room_large_hall,
          grunt_vaults_hallway_short, st_smaller_cells, vaults_mumra_lcd,
          vaults_mumra_chevron_long, nicolae_vaults_specimen_jars,
          vaults_dpeg_diagonal, layout_vaults_ring, serial_shops,
          nicolae_shop_overgrown_old_shop
Vaults:5: serial_shops, uniq_xtahua
Crypt:1:  layout_chaotic_city
Crypt:2:  layout_rooms, serial_glass, glass_columns_a, glass_columns_a,
          due_unseen_surprise, minmay_strange_pillars, item_on_display_a,
          minmay_strange_pillars, minigarden_bobbens, lemuel_elevator, uniq_mara
Crypt:3:  david_glass_crypt, layout_gridlike, tomb_entry_forgotten_bobbens,
          minmay_misc_feat_hallway, unseen_surprise_small
Depths:1: layout_cross, kennysheep_boxes, hell_entry, rand_demon_pan_entry_5,
          minmay_misc_feat_rugged, bh_walls_and_bars
Depths:2: grated_community_mu [grated_community_mu_vampire_home,
          grated_community_mu_giant_home, grated_community_mu_spellcaster_home,
          grated_community_mu_orcish_home, grated_community_mu_troll_home,
          grated_community_mu_taur_home, grated_community_mu_unbuilt_plot],
          layout_basic, hell_entry, minmay_misc_feat_five,
          kennysheep_generic_room_15, minmay_shop_grove
Depths:3: cheibrodos_tormentor_scu, layout_gridlike, hangedman_glass_teeth,
          pan_entry, special_room [special_room_morgue], lightli_too_deep
Depths:4: minmay_diamond_stairs, layout_honeycomb, enter_ziggurat_a,
          grunt_hell_entry_dis_grunt, serial_shops, shop, shop,
          minmay_misc_feat_secret_circle, abyss_entry,
          chequers_serial_rivers_large_b, minmay_fractal_squares_diagonal_5,
          firewood_loft, uniq_sojobo, uniq_enchantress, uniq_saint_roka
Depths:5: grunt_x_marks_the_spot, layout_small_grid,
          hangedman_tar_grid_catacomb, minmay_misc_feat_pillars,
          abyss_entry_flame_altar, grunt_decor_mini_mirrors, uniq_frederick
Zot:1:    circus_mu, layout_gridlike
Zot:2:    layout_onion, st_stairs_7, grunt_megastairs_4
Zot:3:    layout_misc_corridors
Zot:4:    layout_misc_corridors
Zot:5:    layout_onion
Pan:      rand_demon_8, layout_gridlike, nicolae_pan_diamonds,
          layout_irregular_city, pan_blood_fountain,
          evilmike_mini_pan_other_thingy, layout_grid_shapes, special_room
          [special_room_demon_pit], gammafunk_dig_for_victory, layout_gridlike,
          gloorx_vloq, layout_cellular_growth, pan_blood_fountain_small,
          rand_demon_6, layout_onion_city, grunt_pan_in_and_out, layout_rooms,
          pan_blood_fountain_small, evilmike_mini_pan_doors_b, layout_long_grid,
          nicolae_pan_mnolegish_3, evilmike_mini_pan_possible_glass,
          layout_gridlike, uniq_mennas_pan, nicolae_pan_glass_arcs,
          layout_long_grid, nicolae_pan_lom_lobonic_4, nicolae_pan_sigil_nadil,
          evilmike_cerebov_lava, layout_basic, pan_blood_fountain_small,
          nicolae_pan_lom_lobonic_1, evilmike_mini_pan_other_thingy,
          layout_basic, evilmike_mini_pan_possible_glass, layout_grid_shapes,
          rand_demon_7, layout_basic, pan_blood_fountain_small,
          pan_blood_fountain_2, evilmike_mini_pan_other_thingy, layout_chambers,
          regret_index_pan_draining_boxed, layout_stronghold, mnoleg_grunt,
          layout_cellular_growth, rand_demon_6, layout_gridlike,
          reaverb_pan_chaos_star, nicolae_pan_cerebovesque_2, lom_lobon_grunt,
          layout_pan_divisions_a [pan_division_quadrant_a3,
          pan_division_quadrant_a4, pan_division_quadrant_a4,
          pan_division_quadrant_a5, pan_division_octagon_empty],
          pan_blood_fountain_small, nicolae_pan_lom_lobonic_3,
          gammafunk_its_a_trap, layout_gridville, pan_blood_fountain_small

Skill      XL: |  1  2  3  4  5  6  7  8  9 10 11 12 13 14 15 16 17 18 19 20 21 22 23 24 25 26 27 |
---------------+----------------------------------------------------------------------------------+-----
Axes           | 4 5 6 7 9 10 12 13 15 16 18 19 20 22 23 24 25 26 27 | 27.0
Fighting       | 4 5 6 7 8 9 10 11 12 13 14 15 16 17 18 19 20 21 23 24 25 26 27 | 27.0
Armour         | 3 4 5 6 7 8 10 11 12 13 14 15 16 17 18 19 20 21 22 24 25 27 | 27.0
Dodging        | 3 4 5 6 8 9 10 11 12 13 14 15 16 17 19 20 21 22 24 26 27 | 27.0
Shields        | 1 2 4 6 7 8 9 10 11 20 | 20.2
Throwing       | 10 | 10.5
Evocations     | 20 | 20.0
Invocations    | 25 | 25.8

Action                   |  1- 3 |  4- 6 |  7- 9 | 10-12 | 13-15 | 16-18 | 19-21 | 22-24 | 25-27 || total
-------------------------+-------+-------+-------+-------+-------+-------+-------+-------+-------++-------
Melee: Hand axe          |    70 |    48 |       |       |       |       |       |       |       ||   118
       Headbutt          |     7 |    18 |    54 |   145 |   273 |   178 |   262 |   315 |  1022 ||  2274
       War axe           |       |   101 |   287 |   584 |   903 |       |       |       |       ||  1875
       Executioner's axe |       |       |       |       |   270 |   789 |  1039 |   939 |  2975 ||  6012
Invok: Berserk           |       |     1 |     3 |     5 |     5 |     1 |     3 |       |     2 ||    20
       Trog's Hand       |       |       |       |     3 |     1 |     1 |     2 |     2 |       ||     9
       Brothers in Arms  |       |       |       |       |     1 |     2 |     3 |     1 |       ||     7
       Summon Divine War |       |       |       |       |       |       |       |       |    16 ||    16
       Divine Shield     |       |       |       |       |       |       |       |       |     5 ||     5
       Cleansing Flame   |       |       |       |       |       |       |       |       |     2 ||     2
       Brand Weapon With |       |       |       |       |       |       |       |       |     1 ||     1
 Abil: Evoke Blink       |       |       |       |       |     1 |       |       |       |     2 ||     3
       Evoke Flight      |       |       |       |       |       |       |       |       |     3 ||     3
Evoke: Wand              |       |       |       |       |    12 |       |       |     2 |    15 ||    29
  Use: Scroll            |       |       |    14 |     4 |    13 |     3 |     3 |    10 |    37 ||    84
       Potion            |       |       |     1 |     3 |     4 |       |       |     4 |    23 ||    35
 Stab: Distracted        |       |     1 |       |       |       |     1 |       |       |       ||     2
       Held in net/web   |       |       |     2 |       |       |       |       |       |       ||     2
       Petrified         |       |       |       |       |     4 |       |       |       |       ||     4
Armor: Animal skin       |    10 |       |       |       |       |       |       |       |       ||    10
       Leather armour    |     2 |     5 |       |       |       |       |       |       |       ||     7
       Chain mail        |       |    33 |       |    44 |    40 |       |       |       |       ||   117
       Ring mail         |       |    12 |       |       |       |       |       |       |       ||    12
       Plate armour      |       |    12 |   151 |   218 |   446 |   423 |   503 |   273 |       ||  2026
       Gold dragon scale |       |       |       |       |       |       |       |   102 |   929 ||  1031
Dodge: Dodged            |    36 |    70 |    53 |   179 |   429 |   560 |   708 |   530 |  2102 ||  4667
Block: Kite shield       |       |    16 |   195 |   488 |    57 |       |       |       |       ||   756
       Reflection        |       |       |     1 |     2 |    76 |    13 |    28 |    13 |    29 ||   162
       Tower shield      |       |       |       |       |   943 |       |       |       |       ||   943
       Other             |       |       |       |       |    69 |   178 |   199 |   143 |   409 ||   998
       Rpst.: Executioner's axe |       |       |       |       |       |       |       |     3 |   384 ||   387

Table legend: (Time is in decaauts)
 A = Elapsed time spent in this place.
 B = Non-inter-level travel time spent in this place.
 C = Inter-level travel time spent in this place.
 D = Time resting spent in this place.
 E = Time spent auto-exploring this place.
 F = Levels seen in this place.
 G = Mean time per level.
                   A        B        C        D        E       F      G
               +--------+--------+--------+--------+--------+-----+--------+
         Total | 105504 |  97378 |   8126 |  12315 |  67458 |  84 | 1256.0 |
       Dungeon |  22735 |  18962 |   3773 |   2434 |  13848 |  15 | 1515.7 |
        Temple |     37 |     20 |     17 |      0 |     13 |   1 |   37.0 |
          Lair |   8439 |   7843 |    596 |    602 |   6004 |   6 | 1406.5 |
         Swamp |   5103 |   4826 |    277 |    700 |   3324 |   4 | 1275.8 |
     Snake Pit |   6432 |   6036 |    396 |   1097 |   4121 |   4 | 1608.0 |
    Slime Pits |   3125 |   2979 |    146 |    791 |   1445 |   5 |  625.0 |
  Orcish Mines |   1975 |   1867 |    108 |    434 |    948 |   2 |  987.5 |
   Elven Halls |   4069 |   3864 |    205 |     47 |   3082 |   3 | 1356.3 |
        Vaults |  10358 |   9253 |   1105 |    607 |   7275 |   5 | 2071.6 |
         Crypt |   2871 |   2603 |    268 |    775 |   1372 |   3 |  957.0 |
        Depths |  11641 |  10685 |    956 |   1906 |   7326 |   5 | 2328.2 |
           Zot |   5446 |   5172 |    274 |    914 |   3370 |   5 | 1089.2 |
         Abyss |   1148 |   1148 |      0 |      0 |    515 |   3 |  382.7 |
   Pandemonium |  19799 |  19799 |      0 |   1127 |  13864 |  20 |  990.0 |
        Bazaar |     99 |     99 |      0 |      0 |     52 |   1 |   99.0 |
         Trove |     60 |     60 |      0 |      0 |      0 |   1 |   60.0 |
      Ice Cave |   2160 |   2160 |      0 |    878 |    898 |   1 | 2160.0 |
               +--------+--------+--------+--------+--------+-----+--------+

Top non-repeatable levels by time:
Depths:2: 3234 daAuts
    D:10: 3009 daAuts
Vaults:4: 2717 daAuts
    D:15: 2712 daAuts
Depths:4: 2461 daAuts
Depths:3: 2425 daAuts
  Lair:2: 2282 daAuts
   IceCv: 2160 daAuts
Vaults:3: 2047 daAuts
Depths:5: 2026 daAuts
Vaults:1: 1932 daAuts
 Snake:3: 1916 daAuts
  Lair:6: 1881 daAuts
     D:8: 1878 daAuts
Vaults:5: 1867 daAuts
